 Dungeon Crawl Stone Soup version 0.31-a0-217-g58bb5d79cf (webtiles) character file.

Game seed: 738647373333906960

39 pokeman the Magician (level 3, -1/20 HPs)
             Began as a Deep Elf Hedge Wizard on July 2, 2023.
             Slain by an adder (2 damage)
             ... on level 2 of the Dungeon.
             The game lasted 00:01:40 (1514 turns).

pokeman the Magician (Deep Elf Hedge Wizard)        Turns: 1514, Time: 00:01:40

Health: -1/20      AC:  2    Str:  7    XL:     3   Next: 26%
Magic:  1/11       EV: 12    Int: 20    God:
Gold:   39         SH:  0    Dex: 14    Spells: 4/12 levels left

rFire   . . .        a - +0 dagger
rCold   . . .        (no shield)
rNeg    . . .        b - +0 robe
rPois   .            c - +0 hat
rElec   .            (no cloak)
rCorr   .            (no gloves)
SInv    .            (no boots)
Will    .....        (no amulet)
Stlth   ++           (no ring)
HPRegen 0.23/turn    (no ring)
MPRegen 0.12/turn

%: no passive effects
@: on berserk cooldown, slowed, very slow
A: no striking features
a: no special abilities


You were on level 2 of the Dungeon.
You visited 1 branch of the dungeon, and saw 2 of its levels.

You collected 39 gold pieces.

Inventory:

Hand Weapons
 a - a +0 dagger (weapon)
Armour
 b - a +0 robe (worn)
 c - a +0 hat (worn)
Magical Staves
 i - a staff of earth
Scrolls
 f - a scroll of enchant armour {unknown}
 g - a scroll of immolation {unknown}
 h - a scroll of teleportation {unknown}
Potions
 d - a potion of magic


   Skills:
 + Level 0.8 Fighting
 + Level 0.9 Armour
 - Level 2.4 Dodging
 - Level 2.4 Stealth
 * Level 5.2 Spellcasting
 + Level 1.8 Conjurations
 - Level 1.1 Summonings
 - Level 1.1 Translocations


You had 4 spell levels left.
You knew the following spells:

 Your Spells              Type           Power      Damage    Failure   Level
a - Magic Dart            Conj           48%        1d5       5%          1
b - Mephitic Cloud        Conj/Pois/Air  7%         N/A       26%         3
c - Call Imp              Summ           18%        N/A       11%         2
d - Blink                 Tloc           18%        N/A       11%         2

Your spell library contained the following spells:

 Spells                   Type           Power      Damage    Failure   Level
 Slow                     Hex            20%        N/A       12%         1
 Cigotuvi's Dreadful Rot  Necr/Pois/Air  10%        N/A       17%         2
 Sublimation of Blood     Necr           5%         N/A       17%         2
 Petrify                  Tmut/Erth      5%         N/A       75%         4
 Irradiate                Conj/Tmut      4%         3d13      91%         5


Dungeon Overview and Level Annotations

Branches:
Dungeon (2/15)

Altars:

Annotations:
D:2 Sigmund


Message History

You feel sick.
You hear an angry hiss.
The adder is engulfed in noxious fumes.
The adder appears confused.
The adder completely misses you.
The adder closely misses itself.
Unknown command.
It was a potion of berserk rage.
A red film seems to cover your vision as you go berserk!
You feel yourself moving faster!
You feel mighty!
* * * LOW HITPOINT WARNING * * *
You feel sick.
You hit the adder.
The adder is heavily wounded.
* * * LOW HITPOINT WARNING * * *
You feel sick.
The adder is engulfed in noxious fumes.
The adder appears confused.
* * * LOW HITPOINT WARNING * * *
You feel sick.
Your magical contamination has completely faded away.
You puncture the adder!
You kill the adder!
* * * LOW HITPOINT WARNING * * *
You feel sick.
* * * LOW HITPOINT WARNING * * *
You feel sick.
An adder comes into view.
You see here an adder corpse.
You feel a strong urge to attack something.
* * * LOW HITPOINT WARNING * * *
You feel sick.
You are no longer poisoned.
The adder hisses angrily.
You see here 3 gold pieces.
You now have 39 gold pieces (gained 3).
You feel your anger nearly subside.
You are no longer berserk.
You are exhausted.
You feel yourself slow down. The adder misses you.
You closely miss the adder. The adder closely misses you.
The adder bites you but does no damage. The adder attacks as you move away!
The adder bites you.
You die...

..~PP ####~~~♣♣ .....##
♣♣♣♣♣P~♣~~~~~~
.....#♣♣~P~P♣♣♣♣~P~~~
#♣~..♣~~~~~~~~~~~~~~~
##♣~~..................
#P~~~~.~P~P≈~~≈P~~~~~PP
.♣P~~~~.~~P~~~~~~~~~P~~P
♣~~P~≈~.†~~~~~P♣♣♣P~~~~~
~~~≈≈P~@~~~♣♣♣♣# #~~♣♣♣.
P~~≈≈≈~S~~♣♣♣♣######.#.#
~~~~≈≈~.~≈♣ ♣.........##
P≈~~~≈~.~P♣ ♣#######.##
♣♣P≈≈≈~.~~P #.##
♣~~P~P.~~≈♣ ##.##
♣♣~~~P.~~≈P ##.##
♣~P~P.~≈~≈≈ ##.# ##.


You could see an adder.

Vanquished Creatures
  An adder (D:2)
  2 dart slugs (D:1)
  2 bats (D:1)
  2 endoplasms (D:1)
  3 giant cockroaches (D:1)
  4 goblins (D:1)
  A hobgoblin (D:1)
  2 kobolds (D:1)
  2 quokkas
  2 frilled lizards (D:1)
  4 rats (D:1)
25 creatures vanquished.

Notes
Turn   | Place    | Note
-------+----------+-------------------------------------------
     0 | D:1      | pokeman the Deep Elf Hedge Wizard began the quest for the
                  | Orb.
     0 | D:1      | Reached XP level 1. HP: 10/10 MP: 7/7
   303 | D:1      | Reached XP level 2. HP: 10/16 MP: 1/9
   984 | D:1      | Reached skill level 5 in Spellcasting
  1193 | D:1      | Reached XP level 3. HP: 20/20 MP: 6/11
  1197 | D:1      | Learned a level 3 spell: Mephitic Cloud
  1200 | D:1      | Learned a level 2 spell: Call Imp
  1203 | D:1      | Learned a level 2 spell: Blink
  1395 | D:2      | Noticed Sigmund
  1510 | D:2      | HP: 1/30 [poisoned by an adder]
  1514 | D:2      | Slain by an adder

Illustrated notes

Levels and vault maps discovered:
D:1:      elethiomel_arrival_quiet, layout_loops_ring,
          nicolae_figureground_pulse
D:2:      layout_loops_corners, serial_bayou, serial_bayou_pond_c,
          serial_bayou_lagoon_a, serial_bayou_lagoon_b, serial_bayou_crossing,
          ebering_ecumenical_altar_sacrificial, kennysheep_another_room,
          uniq_sigmund

Skill      XL: |  1  2 |
---------------+-------+-----
Spellcasting   | 5 |  5.2
Fighting       | |  0.8
Armour         | |  0.9
Dodging        | |  2.4
Stealth        | |  2.4
Conjurations   | |  1.8
Summonings     | |  1.1
Translocations | |  1.1

Action                     || total
---------------------------++-------
  Melee: Dagger            ||     3
   Cast: Magic Dart        ||    73
         Mephitic Cloud    ||     2
    Use: Potion            ||     1
 Armour: Robe              ||     7
  Dodge: Dodged            ||    14

Table legend: (Time is in decaauts)
 A = Elapsed time spent in this place.
 B = Non-inter-level travel time spent in this place.
 C = Inter-level travel time spent in this place.
 D = Time resting spent in this place.
 E = Time spent auto-exploring this place.
 F = Levels seen in this place.
 G = Mean time per level.
                   A        B        C        D        E       F      G
               +--------+--------+--------+--------+--------+-----+--------+
         Total |   1521 |   1439 |     82 |     15 |   1267 |   2 |  760.5 |
       Dungeon |   1521 |   1439 |     82 |     15 |   1267 |   2 |  760.5 |
               +--------+--------+--------+--------+--------+-----+--------+

Top non-repeatable levels by time:
     D:1: 1438 daAuts
     D:2: 82 daAuts
